 Dungeon Crawl Stone Soup version 0.27-a0-1590-g15f69828bf (webtiles) character file.

Game seed: 14025213933011994837

13108 duskshroud the Grappler (level 11, -5/111 HPs)
             Began as a Troll Monk on July 18, 2021.
             Was a High Priest of Okawaru.
             Hit by a javelin thrown by Urug (12 damage)
             ... on level 11 of the Dungeon.
             The game lasted 00:33:51 (8651 turns).

duskshroud the Grappler (Troll Monk)                Turns: 8651, Time: 00:33:51

Health: -5/111     AC: 14    Str: 23    XL:     11   Next: 71%
Magic:  14/14      EV: 12    Int:  6    God:    Okawaru [*****.]
Gold:   263        SH:  0    Dex: 13    Spells: 10/10 levels left

rFire    . . .     SeeInvis +   H - +0 flail (protect)
rCold    . . .     Faith    .   (no shield)
rNeg     . . .     Spirit   .   u - +0 steam dragon scales
rPois    .         Reflect  .   (helmet restricted)
rElec    .         Harm     .   D - +1 cloak
rCorr    .         Rampage  .   (gloves unavailable)
Will     .....                  (boots unavailable)
Stlth    +.........             (no amulet)
HPRegen  1.28/turn              j - ring of see invisible
MPRegen  0.14/turn              w - +4 ring of protection

@: confused
A: large, unfitting armour, claws 3, regeneration 1, shaggy fur 1, tough skin 1
a: Renounce Religion, Heroism, Finesse


You were on level 11 of the Dungeon.
You worshipped Okawaru.
Okawaru was extremely pleased with you.
You visited 2 branches of the dungeon, and saw 12 of its levels.

You collected 523 gold pieces.
You spent 260 gold pieces at shops.

Inventory:

Hand Weapons
 m - the +4 hand axe "Xauh" {antimagic, rPois Int-3 Dex+10}
   (You found it on level 4 of the Dungeon)

   It reduces the magical energy of the wielder, and disrupts the spells and
   magical abilities of those it strikes.
   Natural abilities and divine invocations are not affected.
   Int:       It affects your intelligence (-3).
   Dex:       It affects your dexterity (+10).
   rPois:     It protects you from poison.
 H - a +0 flail of protection (weapon)
Missiles
 z - 4 curare-tipped darts
 E - 6 throwing nets
 I - 22 poisoned darts
 N - 3 large rocks (quivered)
Armour
 u - +0 steam dragon scales (worn)
 D - a +1 cloak (worn)
Jewellery
 c - an amulet of magic regeneration
 j - a ring of see invisible (left claw)
 q - the ring of Hosamiu {rF+ Str-3 Int+2 Slay+2 Stlth+}
   (You found it on level 5 of the Dungeon)

   [ring of protection from fire]

   Str:       It affects your strength (-3).
   Int:       It affects your intelligence (+2).
   Slay:      It affects your accuracy & damage with ranged weapons and melee
   (+2).
   rF:        It protects you from fire.
   Stlth:     It makes you more stealthy.
 s - a +6 ring of dexterity
 v - a ring of wizardry
 w - a +4 ring of protection (right claw)
 A - a +6 ring of intelligence
Wands
 x - a wand of acid (7)
 y - a wand of flame (57)
 F - a wand of charming (9)
 K - a wand of digging (6)
Scrolls
 a - a scroll of noise {unknown}
 d - 4 scrolls of magic mapping
 e - 8 scrolls of teleportation
 g - 3 scrolls of enchant armour
 h - 2 scrolls of fear
 k - 3 scrolls of immolation
 o - 3 scrolls of enchant weapon {unknown}
 p - 2 scrolls of torment
 r - 2 scrolls of amnesia {unknown}
 t - a scroll of acquirement {unknown}
 G - a scroll of blinking {unknown}
 J - 3 scrolls of holy word {unknown}
Potions
 b - 3 potions of might
 f - 5 potions of curing
 i - a potion of resistance
 l - a potion of haste
 n - a potion of lignification
 B - 2 potions of ambrosia {unknown}
 C - 2 potions of heal wounds
 L - a potion of magic {unknown}
 M - a potion of mutation {unknown}


   Skills:
 + Level 8.2 Fighting
 + Level 5.8 Armour
 + Level 5.8 Dodging
 + Level 4.1 Stealth
 + Level 10.6 Unarmed Combat
 + Level 5.8 Invocations


You had 10 spell levels left.
You didn't know any spells.
Your spell library contained the following spells:

 Spells                   Type           Power      Damage    Failure   Level
 Apportation              Tloc           0%         N/A       45%         1
 Shock                    Conj/Air       0%         1d3       45%         1
 Gell's Gravitas          Tloc           0%         N/A       83%         3
 Lesser Beckoning         Tloc           0%         N/A       83%         3
 Swiftness                Air            0%         N/A       83%         3
 Teleport Other           Tloc           0%         N/A       83%         3
 Airstrike                Air            0%         N/A       99%         4
 Fulminant Prism          Conj/Hex       0%         3d6       99%         4
 Iskenderun's Mystic Bla  Conj/Tloc      0%         2d3       99%         4
 Summon Lightning Spire   Summ/Air       0%         N/A       99%         4
 Lee's Rapid Deconstruct  Erth           0%         3d5*      100%        5
 Storm Form               Tmut/Air       0%         N/A       100%        7
 Maxwell's Capacitive Co  Air            0%         ∞         100%        8


Dungeon Overview and Level Annotations

Branches:
Dungeon (11/15)            Temple (1/1) D:4            Lair (0/6) D:10
    Orc (0/2) D:9

Altars:
Ashenzari
Cheibriados
Dithmenos
Elyvilon
Fedhas
Gozag
Hepliaklqana
Kikubaaqudgha
Makhleb
Nemelex Xobeh
Okawaru
Qazlal
Ru
Sif Muna
Trog
Uskayaw
Vehumet
Wu Jian
Xom
Yredelemnul
Zin
The Shining One
Beogh

Shops:
D:4 ?   D:7 *   D:9 *   D:11 *

Annotations:
D:9 3 runed translucent doors, exclusion: obsidian statue, Hypnoxylon's ghost, novice TrFi
D:10 2 transporters, Spaninq's ghost, journeyman DrTm
D:11 Urug


Innate Abilities, Weirdness & Mutations

You are too large for most types of armour.
You have claws for hands.
Your natural rate of healing is unusually fast.
You are covered in fur. (AC +1)
You have tough skin. (AC +1)


Message History

The four-headed hydra grows two more!
You mangle the six-headed hydra!!
The six-headed hydra is heavily wounded.
The six-headed hydra misses you. The six-headed hydra bites you! x3
The six-headed hydra completely misses you.
The six-headed hydra bites you.
You barely miss the six-headed hydra.
The six-headed hydra is heavily wounded.
You rip one of the six-headed hydra's heads off!
The five-headed hydra grows two more!
You claw the seven-headed hydra!
The seven-headed hydra is severely wounded.
The seven-headed hydra bites you.
The seven-headed hydra closely misses you.
The seven-headed hydra bites you. The seven-headed hydra bites you!
The seven-headed hydra bites you but does no damage. x3
Urug misses you.
The electric eel shoots out a bolt of lightning at you!
The bolt of electricity hits you.
You are too injured to fight recklessly!
You are too injured to fight recklessly!
You are too injured to fight recklessly!
You are too injured to fight recklessly!
You are too injured to fight recklessly!
You are too injured to fight recklessly!
Your +0 flail of protection hums with potential!
H - a +0 flail of protection (weapon)
The orc wizard points at you and mumbles some strange words.
You are confused.
The seven-headed hydra bites you. The seven-headed hydra bites you!
* * * LOW HITPOINT WARNING * * *
The seven-headed hydra bites you.
* * * LOW HITPOINT WARNING * * *
The seven-headed hydra barely misses you.
The seven-headed hydra completely misses you.
The seven-headed hydra bites you!
* * * LOW HITPOINT WARNING * * *
The seven-headed hydra bites you.
* * * LOW HITPOINT WARNING * * *
You are too confused!
Urug throws a javelin.
The javelin pierces through you!
You die...

.≈≈≈≈≈... ..#
.P≈≈≈≈... ..#
..≈≈≈≈..### ...#
.≈≈≈≈.≈..)#....#
..≈≈≈.....#....
..≈≈P≈.)D.'....
#≈≈;.)oo)#
#≈≈≈#≈...#.......
#≈ #...@#........
#...##........
##..#........(
#..#.........
#..#.........
#..#........
#..'..8.###
#.........##
#.8.<.∩.>.8#


You could see a seven-headed hydra, Urug, an electric eel and an orc wizard.

Vanquished Creatures
  Harold (D:8)
  A death knight (D:9)
  3 death yaks (D:10)
  A two-headed ogre (D:10)
  A cyclops (D:10)
  Maggie (D:6)
  A kobold demonologist (D:10)
  3 trolls
  A hornet (D:8)
  3 slime creatures (D:8)
  Grinder (D:4)
  Sigmund (D:3)
  A meliai zombie (D:10)
  11 yaks
  A wraith (D:9)
  A water moccasin (D:5)
  Duvessa (D:5)
  2 sky beasts (D:6)
  A black bear (D:8)
  4 orc warriors
  An ogre (D:5)
  3 necrophages
  4 centaurs
  9 kobold brigands
  4 bullfrogs
  3 gnoll sergeants
  2 scorpions (D:5)
  Dowan (D:5)
  A water moccasin skeleton (D:4)
  3 killer bees (D:9)
  An electric eel (D:8)
  10 wights
  6 howler monkeys
  A bullfrog zombie (D:6)
  2 centaur zombies
  3 bullfrog skeletons
  A centaur skeleton (D:7)
  4 orc priests
  A gnoll shaman (D:8)
  A hound (D:4)
  3 jellies
  Jessica (D:2)
  3 iguanas
  11 orc wizards
  A howler monkey zombie (D:9)
  25 gnolls
  4 adders
  A shadow imp (D:7)
  3 ufetubi
  2 worms
  4 dart slugs
  23 orcs
  10 endoplasms
  3 giant cockroaches
  3 goblins
  4 hobgoblins
  2 jackals (D:5)
  2 quokkas
  5 ball pythons
  6 bats
  2 frilled lizards (D:1)
  15 kobolds
  5 rats
239 creatures vanquished.

Vanquished Creatures (others)
  A sky beast (D:7)
  2 orcs (D:11)
  A plant (D:7)
4 creatures vanquished.

Grand Total: 243 creatures vanquished

Notes
Turn   | Place    | Note
-------+----------+-------------------------------------------
     0 | D:1      | duskshroud the Troll Monk began the quest for the Orb.
     0 | D:1      | Reached XP level 1. HP: 22/22 MP: 0/0
   140 | D:1      | Reached XP level 2. HP: 28/29 MP: 1/1
   142 | D:1      | Found a faded altar of an unknown god.
   147 | D:1      | Got Plato's Guide on the Compass
   755 | D:2      | Reached XP level 3. HP: 8/36 MP: 2/2
   804 | D:2      | Reached skill level 4 in Unarmed Combat
  1005 | D:2      | Noticed Jessica
  1011 | D:2      | Killed Jessica
  1012 | D:2      | Reached XP level 4. HP: 45/45 MP: 3/3
  1036 | D:2      | Reached skill level 5 in Unarmed Combat
  1125 | D:2      | Reached XP level 5. HP: 32/53 MP: 4/4
  1725 | D:3      | Found a shimmering blue altar of Sif Muna.
  1987 | D:3      | Noticed Sigmund
  2417 | D:4      | Found a sacrificial altar of Ru.
  2429 | D:4      | Reached XP level 6. HP: 62/62 MP: 5/5
  2469 | D:4      | Reached skill level 6 in Unarmed Combat
  2500 | D:4      | Identified the +4 hand axe "Xauh" {antimagic, rPois Int-3
                  | Dex+10}
  2509 | D:4      | Noticed Grinder
  2511 | D:4      | Paralysed by Grinder for 3 turns
  2536 | D:4      | Paralysed by Grinder for 5 turns
  2553 | D:4      | Killed Grinder
  2554 | D:4      | Reached skill level 7 in Unarmed Combat
  2554 | D:4      | Reached XP level 7. HP: 71/71 MP: 6/6
  2580 | D:4      | Found a staircase to the Ecumenical Temple.
  2589 | Temple   | Entered the Ecumenical Temple
  2732 | Temple   | Became a worshipper of Warmaster Okawaru
  2732 | Temple   | Reached * piety under Okawaru
  2732 | Temple   | Reached ** piety under Okawaru
  2787 | D:4      | Found Kucel's Magic Scroll Shop.
  2802 | D:4      | Bought a scroll of teleportation for 30 gold pieces
  2802 | D:4      | Bought a scroll of teleportation for 30 gold pieces
  2802 | D:4      | Bought a scroll of identify for 20 gold pieces
  2802 | D:4      | Bought a scroll of teleportation for 30 gold pieces
  2802 | D:4      | Bought a scroll of teleportation for 30 gold pieces
  3052 | D:5      | Entered Level 5 of the Dungeon
  3052 | D:5      | Noticed Duvessa
  3052 | D:5      | Noticed Dowan
  3058 | D:5      | Killed Duvessa
  3060 | D:5      | Killed Dowan
  3153 | D:5      | Reached skill level 8 in Unarmed Combat
  3166 | D:5      | Reached skill level 5 in Fighting
  3166 | D:5      | Reached XP level 8. HP: 61/80 MP: 7/7
  3174 | D:5      | Identified the ring of Hosamiu {rF+ Str-3 Int+2 Slay+2
                  | Stlth+}
  3898 | D:6      | Reached skill level 9 in Unarmed Combat
  3931 | D:6      | Noticed Maggie
  3942 | D:6      | Killed Maggie
  3942 | D:6      | Reached *** piety under Okawaru
  4038 | D:6      | Reached XP level 9. HP: 76/89 MP: 5/8
  4314 | D:6      | Found a burning altar of Makhleb.
  4673 | D:7      | Found Zune's Assorted Antiques.
  4683 | D:7      | Bought a scroll of identify for 52 gold pieces
  4799 | D:7      | Reached skill level 10 in Unarmed Combat
  4799 | D:7      | Reached skill level 1 in Invocations
  4800 | D:7      | Reached **** piety under Okawaru
  4917 | D:8      | Reached skill level 1 in Armour
  5293 | D:8      | Noticed a troll
  5297 | D:8      | Killed a troll
  5299 | D:8      | Noticed a troll
  5315 | D:8      | Killed a troll
  5315 | D:8      | Reached ***** piety under Okawaru
  5328 | D:8      | Reached XP level 10. HP: 20/100 MP: 11/11
  5437 | D:8      | Noticed Harold
  5451 | D:8      | Killed Harold
  5451 | D:8      | Received a gift from Okawaru
  5456 | D:8      | Reached skill level 5 in Dodging
  5825 | D:8      | Found a shadowy altar of Dithmenos.
  5873 | D:8      | Found a glowing golden altar of the Shining One.
  6372 | D:3      | Killed Sigmund
  6373 | D:3      | Reached skill level 5 in Armour
  6470 | D:3      | Found a white marble altar of Elyvilon.
  6521 | D:3      | Found a basalt altar of Yredelemnul.
  6963 | D:9      | Found a runed translucent gate.
  6964 | D:9      | Found a runed translucent gate.
  6964 | D:9      | Found an opulent altar of Gozag.
  6964 | D:9      | Noticed an obsidian statue
  6965 | D:9      | Found a runed translucent gate.
  6970 | D:9      | Noticed a boulder beetle
  6971 | D:9      | Noticed Hypnoxylon's ghost (novice TrFi)
  6972 | D:9      | Found Yleusoy's Assorted Antiques.
  6972 | D:9      | Noticed a cyclops
  7024 | D:9      | Noticed a death knight
  7035 | D:9      | HP: 5/100 [mirror damage (21)]
  7037 | D:9      | Killed a death knight
  7037 | D:9      | HP: 2/100 [mirror damage (2)]
  7038 | D:9      | Reached XP level 11. HP: 2/109 MP: 5/13
  7197 | D:9      | Found a staircase to the Orcish Mines.
  7311 | D:9      | Reached skill level 5 in Invocations
  7776 | D:10     | Entered Level 10 of the Dungeon
  7862 | D:10     | Noticed a two-headed ogre
  7874 | D:10     | Killed a two-headed ogre
  7874 | D:10     | Received a gift from Okawaru
  7961 | D:10     | Found a transporter.
  7962 | D:10     | Found a transporter.
  7962 | D:10     | Noticed Spaninq's ghost (journeyman DrTm)
  7962 | D:10     | Noticed a two-headed ogre
  7968 | D:10     | Noticed a two-headed ogre
  8017 | D:10     | Noticed a death yak
  8025 | D:10     | Noticed a death yak
  8027 | D:10     | Killed a death yak
  8038 | D:10     | Killed a death yak
  8041 | D:10     | Noticed a death yak
  8055 | D:10     | Killed a death yak
  8065 | D:10     | Found a staircase to the Lair.
  8624 | D:11     | Found Gegareida's Assorted Antiques.
  8627 | D:11     | Bought a scroll of identify for 68 gold pieces
  8639 | D:11     | Noticed Urug
  8639 | D:11     | Noticed a four-headed hydra
  8649 | D:11     | HP: 5/111 [seven-headed hydra (6)]
  8651 | D:11     | Hit by a javelin thrown by Urug

Illustrated notes

Levels and vault maps discovered:
D:1:      lemuel_arrival_room, layout_loops_ring,
          shapermc_ecumenical_altar_rom_forum
D:2:      layout_basic, serial_bayou_ford_a, uniq_jessica
D:3:      layout_loops_ring, kennysheep_ying_yang, lemuel_blue_sif_altar,
          uniq_sigmund
D:4:      layout_basic, nicolae_ru_awakened_eye, minmay_temple_entry_trees,
          serial_shops, shop, minmay_liquid_box, uniq_grinder
D:5:      layout_cave_pods, minivault_19, minmay_misc_feat_square,
          minmay_checkerbox, uniq_duvessa
D:6:      layout_loops_ring, lightli_temple_of_fire, kennysheep_doodads,
          uniq_maggie
D:7:      layout_cave_pools, serial_shops, nicolae_shop_overgrown_old_shop
D:8:      layout_rooms, mainiacjoe_overflow_six_doors_small, marbit_many_paths,
          nicolae_lava_and_water, grunt_potential, uniq_harold
D:9:      layout_gridville, minmay_orc_entry_temple_small, ebering_ghost_gozag,
          serial_bayou_lagoon_a, minmay_strange_pillars
D:10:     layout_basic, dpeg_lair_monsters, special_room [special_room_kobold],
          gammafunk_ghost_smash, lightli_minifort
D:11:     minmay_the_grid_triangle_9x9_rhombus_full_mashed
          [minmay_the_grid_triangle_9x9_checkered,
          minmay_the_grid_triangle_9x9_pentomino_pain,
          minmay_the_grid_triangle_9x9_steps,
          minmay_the_grid_triangle_9x9_minimal,
          minmay_the_grid_triangle_9x9_swiss_cheese,
          minmay_the_grid_triangle_9x9_semitri,
          minmay_the_grid_triangle_9x9_tough_junction,
          minmay_the_grid_triangle_9x9_prize_top_heavy], layout_irregular_city,
          amcnicky_mini_corridor_feature, nicolae_stop_n_shop_2,
          chequers_big_river, nicolae_gozag_seed_capital, uniq_urug,
          uniq_nergalle
Temple:   regret_index_temple_waves

Skill      XL: |  1  2  3  4  5  6  7  8  9 10 11 |
---------------+----------------------------------+-----
Unarmed Combat | 4 5 7 8 9 10 | 10.6
Fighting       | 3 4 5 6 7 8 |  8.2
Dodging        | 3 4 5 |  5.8
Invocations    | 2 4 5 |  5.8
Armour         | 2 5 |  5.8
Stealth        | 2 3 4 |  4.1

Action                   |  1- 3 |  4- 6 |  7- 9 | 10-12 || total
-------------------------+-------+-------+-------+-------++-------
Melee: Unarmed           |    66 |   111 |   219 |   363 ||   759
       Punch             |     1 |     3 |    10 |    27 ||    41
Invok: Heroism           |       |       |     2 |     3 ||     5
       Finesse           |       |       |       |     4 ||     4
  Use: Scroll            |       |       |     6 |     5 ||    11
       Potion            |       |       |       |     1 ||     1
 Stab: Sleeping          |     1 |     3 |     5 |     5 ||    14
       Distracted        |       |     1 |       |       ||     1
       Invisible         |       |       |       |     4 ||     4
Armor: Robe              |    20 |    25 |    11 |       ||    56
       Steam dragon scal |       |       |    44 |   129 ||   173
Dodge: Dodged            |    36 |    58 |   126 |   162 ||   382

Table legend: (Time is in decaauts)
 A = Elapsed time spent in this place.
 B = Non-inter-level travel time spent in this place.
 C = Inter-level travel time spent in this place.
 D = Time resting spent in this place.
 E = Time spent auto-exploring this place.
 F = Levels seen in this place.
 G = Mean time per level.
                   A        B        C        D        E       F      G
               +--------+--------+--------+--------+--------+-----+--------+
         Total |   8530 |   7961 |    569 |    376 |   5246 |  12 |  710.8 |
       Dungeon |   8358 |   7814 |    544 |    376 |   5246 |  11 |  759.8 |
        Temple |    172 |    147 |     25 |      0 |      0 |   1 |  172.0 |
               +--------+--------+--------+--------+--------+-----+--------+

Top non-repeatable levels by time:
     D:8: 1235 daAuts
     D:2: 1061 daAuts
     D:9: 921 daAuts
    D:10: 814 daAuts
     D:6: 810 daAuts
     D:5: 798 daAuts
     D:3: 792 daAuts
     D:1: 682 daAuts
     D:4: 650 daAuts
     D:7: 565 daAuts
  Temple: 172 daAuts
    D:11: 24 daAuts
